 Dungeon Crawl Stone Soup version 0.17.1-1-g73c8601 (webtiles) character file.

293 zhaorenw the Conjurer (level 6, -2/36 HPs)
             Began as a Deep Elf Conjurer on Dec 22, 2015.
             Slain by Dowan
             ... wielding a +5 dagger of venom
              (4 damage)
             ... on level 4 of the Dungeon.
             The game lasted 00:08:56 (4575 turns).

zhaorenw the Conjurer (Deep Elf Conjurer)           Turns: 4575, Time: 00:08:56

Health: -2/36      AC:  4    Str:  5    XL:     6   Next: 11%
Magic:  4/15       EV: 13    Int: 22    God:
Gold:   196        SH:  0    Dex: 15    Spells: 4 memorised, 2 levels left

rFire  . . .     SeeInvis .     g - +0 short sword (speed)
rCold  . . .     Clarity  .     a - +0 robe
rNeg   . . .     SustAt   .     (no shield)
rPois  .         Gourm    .     (no helmet)
rElec  .         Spirit   .     (no cloak)
rCorr  .         Warding  .     w - +0 pair of gloves
rMut   .         Stasis   .     (no boots)
MR     .....                    (no amulet)
Stlth  ++........               (no ring)
                                (no ring)

@: lethally poisoned (-2 -> -12), not resistant to hostile enchantments,
unstealthy
A: rugged brown scales 1, robust 1, evolution 1
a: no special abilities


You were on level 4 of the Dungeon.
You were hungry.

You visited 1 branch of the dungeon, and saw 4 of its levels.

You collected 196 gold pieces.

Inventory:

Hand Weapons
 g - a +0 short sword of speed (weapon)
   (You took it off a kobold on level 1 of the Dungeon)
Armour
 a - a +0 robe (worn)
 w - a +0 pair of gloves (worn)
   (You found it on level 3 of the Dungeon)
Jewellery
 o - an uncursed ring of wizardry {unknown}
   (You took it off an orc on level 3 of the Dungeon)
Wands
 l - a wand of disintegration (21)
   (You found it on level 3 of the Dungeon)
 t - a wand of enslavement (14)
   (You found it on level 3 of the Dungeon)
Scrolls
 h - 2 scrolls of remove curse {unknown}
 j - a scroll of enchant armour {unknown}
 n - a scroll of enchant weapon {unknown}
 p - a scroll of recharging {unknown}
 r - a scroll of blinking {unknown}
 v - a scroll of noise {unknown}
Potions
 d - a potion of lignification {unknown}
 e - a potion of resistance
 k - a potion of haste {unknown}
 s - a potion of ambrosia {!q}
 u - a potion of berserk rage {unknown}
 x - 2 potions of brilliance {unknown}
Books
 b - a book of Conjurations
Comestibles
 c - 3 bread rations {@e1}
 f - a slice of pizza
 i - 2 royal jellies
 m - a meat ration {@e2}
 q - 7 chunks of flesh {@w0}


   Skills:
 - Level 2.4 Dodging
 - Level 2.4 Stealth
 - Level 5.0 Spellcasting
 + Level 7.3 Conjurations


You had 2 spell levels left.
You knew the following spells:

 Your Spells              Type           Power        Failure   Level  Hunger
a - Magic Dart            Conj           ####         1%          1    None
b - Dazzling Spray        Conj/Hex       ###.....     10%         3    ##.....
x - Iskenderun's Mystic   Conj           #####...     6%          4    ####...
z - Iskenderun's Battles  Conj/Chrm      ###.....     75%         5    #####..


Dungeon Overview and Level Annotations

Branches:
Dungeon (4/15)
 Temple: D:4-7

Altars:

Annotations:
D:1 exclusion: downstairs
D:4 Dowan, Duvessa


Innate Abilities, Weirdness & Mutations

You are partially covered in rugged brown scales (AC +1, +3% HP).
You are robust (+10% HP).
You evolve.


Message History

A jackal comes into view.
You now have 13/15 mp.
Aim: a jackal The magic dart hits the jackal.
You kill the jackal!
The jackal moves out of view.
You now have 12/15 mp.
You can't see any susceptible monsters within range! (Use Z to cast anyway.)
You can't see any susceptible monsters within range! (Use Z to cast anyway.)
You can't see any susceptible monsters within range! (Use Z to cast anyway.)
Aim: a jackal The magic dart hits the jackal.
The jackal closely misses you.
You now have 11/15 mp.
You hit the jackal.
The jackal bites you but does no damage.
Aim: a jackal (moderately wounded)
The magic dart hits the jackal.
You kill the jackal!
You now have 11/15 mp.
You can't see any susceptible monsters within range! (Use Z to cast anyway.)
You can't see any susceptible monsters within range! (Use Z to cast anyway.)
A bat comes into view.
You see here a jackal corpse.
You butcher the jackal corpse.
You see here 3 chunks of flesh {@w0}.
There isn't anything here!
You see here a jackal corpse.
You butcher the jackal corpse.
The bat hits you but does no damage. The bat closely misses you.
You see here 3 chunks of flesh {@w0}.
Aim: a bat The magic dart hits the bat.
The bat hits you but does no damage.
Aim: a bat (severely wounded)
The magic dart hits the bat.
You kill the bat!
You now have 10/15 mp.
You can't see any susceptible monsters within range! (Use Z to cast anyway.)
There isn't anything to butcher here.
There isn't anything to butcher here.
q - 4 chunks of flesh {@w0} (gained 3)
q - 7 chunks of flesh {@w0} (gained 3)
You start resting.
MP restored: 15 Unknown command.
(D) Dungeon
Where to? (Enter - D:4, ? - help)
There is a stone staircase leading down here.
You climb downwards.
There is a stone staircase leading up here.
You can't see any susceptible monsters within range! (Use Z to cast anyway.)
Found a stone staircase leading down.
There is a stone staircase leading down here.
x - 2 coppery potions Duvessa and Dowan come into view.
Okay, then.
Really walk into a travel-excluded area?
Dowan shouts!
Aim: Dowan, wielding a dagger of venom and wearing a robe The magic dart hits Dowan.
Duvessa shouts!
You now have 14/15 mp.
Aim: Duvessa, wielding a short sword The spray of energy hits Duvessa.
Duvessa is dazzled.
You are feeling hungry.
You now have 11/15 mp.
You hit Duvessa. Duvessa barely misses you.
You catch the helpless Duvessa completely off-guard!
You hit Duvessa. Duvessa barely misses you.
You closely miss Duvessa. Duvessa hits you with a short sword.
You take 3 damage, and have 33/36 hp.
You hit Duvessa but do no damage. Duvessa hits you with a short sword.
You take 3 damage, and have 30/36 hp.
You hit Duvessa but do no damage. You closely miss Duvessa.
Duvessa hits you with a short sword!
You take 11 damage, and have 19/36 hp.
MASSIVE DAMAGE!!
Duvessa is no longer blind.
Dowan says, "Stay away from my face!"
Duvessa says, "When magic and the sword combine, nothing stands against them."
Aim: Duvessa, wielding a short sword (moderately wounded)
The spray of energy hits Duvessa.
Duvessa is dazzled.
You now have 9/15 mp.
Aim: Duvessa, wielding a short sword (heavily wounded, blind)
The spray of energy hits Duvessa.
Duvessa is dazzled.
Duvessa hits you with a short sword!
* * * LOW HITPOINT WARNING * * *
You take 11 damage, and have 8/36 hp.
MASSIVE DAMAGE!!
You now have 6/15 mp.
Dowan gestures wildly while chanting.
Dowan blinks!
Dowan hits you with a dagger of venom.
* * * LOW HITPOINT WARNING * * *
You are lethally poisoned!
You take 5 damage, and have 3/36 hp.
Aim: Duvessa, wielding a short sword (severely wounded, blind, hasn't noticed you)
The spray of energy hits Duvessa.
The spray of energy hits Dowan.
* * * LOW HITPOINT WARNING * * *
You feel sick. Dowan hits you with a dagger of venom.
You die...

###### #....#
#.#########@##.#
#.......e..e.#.#
...###.####..#.#
######### #.#
#..#.#####........
#.#.#
#..#.............#
#.#
#.....#######.#####.#
#.. ###(## #.# #.#
... ... #.# #.# .##.
## ##.#####.#


You could see Duvessa (blind) and Dowan.

Vanquished Creatures
  2 orc priests (D:3)
  An orc wizard (D:3)
  3 gnolls
  7 adders
  5 worms (D:2)
  2 giant geckos
  7 orcs (D:3)
  2 ball pythons (D:2)
  11 bats
  5 giant cockroaches
  8 goblins
  16 hobgoblins
  5 jackals
  A quokka (D:3)
  2 giant newts
  10 kobolds
  9 rats
96 creatures vanquished.

Notes
Turn   | Place    | Note
--------------------------------------------------------------
     0 | D:1      | zhaorenw the Deep Elf Conjurer began the quest for the Orb.
     0 | D:1      | Reached XP level 1. HP: 10/10 MP: 6/6
     0 | D:1      | Noticed a troll skeleton
     1 | D:1      | Noticed a merfolk skeleton
     7 | D:1      | Noticed a human skeleton
     8 | D:1      | Noticed a troll skeleton
    34 | D:1      | Noticed an elf skeleton
    36 | D:1      | Noticed a vine stalker skeleton
   438 | D:1      | Reached XP level 2. HP: 15/15 MP: 0/8
   555 | D:1      | Reached skill level 5 in Conjurations
  1310 | D:2      | Reached XP level 3. HP: 19/19 MP: 6/9
  1451 | D:2      | HP: 4/19 [bat (1)]
  1522 | D:1      | HP: 3/19 [gnoll/whip (5)]
  1523 | D:1      | Reached skill level 6 in Conjurations
  1820 | D:2      | Reached XP level 4. HP: 24/24 MP: 6/10
  1825 | D:2      | Learned a level 3 spell: Dazzling Spray
  1830 | D:2      | Learned a level 4 spell: Iskenderun's Mystic Blast
  2368 | D:2      | Reached skill level 4 in Spellcasting
  2777 | D:2      | Reached XP level 5. HP: 28/28 MP: 10/13
  3323 | D:3      | Reached skill level 5 in Spellcasting
  3358 | D:3      | Learned a level 5 spell: Iskenderun's Battlesphere
  3926 | D:3      | Reached skill level 7 in Conjurations
  4012 | D:3      | Reached XP level 6. HP: 32/32 MP: 8/15
  4043 | D:3      | Gained mutation: You evolve. [potion of mutation]
  4043 | D:3      | Gained mutation: You are partially covered in rugged brown scales (AC +1, +3% HP). [potion of mutation]
  4180 | D:3      | Gained mutation: You are robust (+10% HP). [evolution]
  4547 | D:4      | Noticed Duvessa
  4547 | D:4      | Noticed Dowan
  4571 | D:4      | HP: 8/36 [Duvessa/short sword (12)]
  4574 | D:4      | HP: 3/36 [Dowan/dagger of venom (5)]
  4575 | D:4      | Slain by Dowan

Action                   |  1- 3 |  4- 6 || total
-------------------------+-------+-------++-------
Melee: Unarmed           |    16 |       ||    16
       Short sword       |       |    32 ||    32
 Cast: Magic Dart        |    80 |   129 ||   209
       Dazzling Spray    |       |    13 ||    13
       Iskenderun's Myst |       |     1 ||     1
  Use: Scroll            |       |     4 ||     4
       Potion            |       |     1 ||     1
 Stab: Invisible         |       |     4 ||     4
  Eat: Chunk             |     2 |     9 ||    11

Vault maps used:
D:1:      shiori_arrival_whats_in_store_for_you
D:3:      first_bread
D:4:      serial_shops, shop, uniq_duvessa

Table legend:
 A = Turns spent in this place as a percentage of turns spent in the entire game.
 B = Non-inter-level travel turns spent in this place as a percentage of non-inter-level travel turns spent in the entire game.
 C = Inter-level travel turns spent in this place as a percentage of turns spent in this place.
 D = Turns resting spent in this place as a percentage of non-inter-level travel turns spent in this place.
 E = Turns spent auto-exploring this place as a percentage of non-inter-level travel turns spent in this place.
 F = Non-inter-level travel turns spent in this place divided by the number of levels of this place that you've seen.
                   A       B       C       D       E      F
               +-------+-------+-------+-------+-------+----------------------
         Total | 100.0 | 100.0 |   0.3 |   5.3 |   6.9 | 391.5
       Dungeon | 100.0 | 100.0 |   0.3 |   5.3 |   6.9 | 391.5
               +-------+-------+-------+-------+-------+----------------------

Table legend:
 A = Kills in this place as a percentage of kills in entire the game.
 B = Kills by you in this place as a percentage of kills by you in the entire game.
 C = Kills by friends in this place as a percentage of kills by friends in the entire game.
 D = Other kills in this place as a percentage of other kills in the entire game.
 E = Experience gained in this place as a percentage of experience gained in the entire game.
 F = Experience gained in this place divided by the number of levels of this place that you have seen.
                   A       B       C       D       E      F
               +-------+-------+-------+-------+-------+----------------------
         Total | 100.0 | 100.0 |  -nan |  -nan | 100.0 | 104.8
       Dungeon | 100.0 | 100.0 |  -nan |  -nan | 100.0 | 104.8
               +-------+-------+-------+-------+-------+----------------------
